 Dungeon Crawl Stone Soup version 0.28.0 (webtiles) character file.

Game seed: 15188409882318253927

1475 Sanktem7 the Cleaver (level 8, -11/71 HPs)
             Began as a Minotaur Fighter on Feb 12, 2022.
             Mangled by an ogre (28 damage)
             ... on level 5 of the Dungeon.
             The game lasted 00:06:47 (5047 turns).

Sanktem7 the Cleaver (Minotaur Fighter)             Turns: 5047, Time: 00:06:47

Health: -11/71     AC:  8    Str: 24    XL:     8   Next: 49%
Magic:  7/7        EV: 10    Int:  5    God:
Gold:   251        SH:  4    Dex:  9    Spells: 7/7 levels left

rFire   . . .      SeeInvis +   a - +0 war axe
rCold   . . .      Faith    .   c - +0 buckler
rNeg    . . .      Spirit   .   b - +1 scale mail
rPois   .          Reflect  .   (helmet restricted)
rElec   .          Harm     +   s - scarf {harm}
rCorr   +          Rampage  .   (no gloves)
Will    .....                   (no boots)
Stlth   +.........              (no amulet)
HPRegen 0.21/turn               f - ring of resist corrosion
MPRegen 0.10/turn               q - ring of see invisible

@: lethally poisoned (-11 -> -12), studying Dodging
A: horns 2, retaliatory headbutt
a: no special abilities


You were on level 5 of the Dungeon.
You visited 1 branch of the dungeon, and saw 5 of its levels.

You collected 251 gold pieces.

Inventory:

Hand Weapons
 a - a +0 war axe (weapon)
Missiles
 j - a throwing net (quivered)
Armour
 b - a +1 scale mail (worn)
 c - a +0 buckler (worn)
 s - a scarf of harm (worn)
Jewellery
 e - a ring of protection from cold
 f - a ring of resist corrosion (left hand)
 q - a ring of see invisible (right hand)
Wands
 n - a wand of acid (7)
Scrolls
 g - a scroll of noise
 i - 2 scrolls of teleportation
 m - 3 scrolls of immolation {unknown}
 o - a scroll of enchant weapon {unknown}
 t - a scroll of amnesia {unknown}
 u - a scroll of magic mapping
Potions
 d - a potion of might
 h - 2 potions of curing
 k - a potion of attraction {unknown}
 l - 3 potions of lignification {unknown}
 p - 2 potions of magic {unknown}
 r - 2 potions of berserk rage {unknown}


   Skills:
 * Level 6.7 Fighting
 * Level 8.8 Axes
 * Level 6.7 Armour
 + Level 2.2 Dodging
 * Level 2.8 Stealth
 - Level 3.6 Shields


You had 7 spell levels left.
You didn't know any spells.
Your spell library contained the following spells:

 Spells                   Type           Power      Damage    Failure   Level
 Slow                     Hex            0%         N/A       85%         1
 Static Discharge         Conj/Air       0%         N/A       94%         2
 Confusing Touch          Hex            0%         N/A       99%         3
 Vampiric Draining        Necr           0%         2d6       99%         3
 Dispel Undead            Necr           0%         3d6       100%        4
 Sticky Flame             Conj/Fire      0%         2d3       100%        4


Dungeon Overview and Level Annotations

Branches:
Dungeon (5/15)
 Temple: D:4-7

Altars:
Ashenzari
Cheibriados
Xom
Yredelemnul
Zin


Innate Abilities, Weirdness & Mutations

You have a pair of horns on your head.
You reflexively headbutt those who attack you in melee.


Message History

There are monsters nearby!
A centaur skeleton comes into view.
The centaur skeleton moves out of view.
An ufetubus comes into view.
A scorpion comes into view.
You see here a +0 flail of holy wrath.
The ufetubus shouts!
You hear a shout!
A scorpion comes into view.
The scorpion stings you.
An ogre comes into view. It is wielding a +0 giant club.
The scorpion stings you!
You are poisoned.
The scorpion poisons you!
You slash the scorpion!
You headbutt the scorpion, but do no damage.
The scorpion is almost dead.
You feel very sick. The scorpion closely misses you.
You feel very sick.
The ogre hits you with a +0 giant club!!
You feel sick.
The ufetubus hits you but does no damage.
The ufetubus hits you.
You see here a +0 flail of holy wrath.
You feel sick.
You feel sick.
The ufetubus hits you but does no damage.
The ufetubus hits you. The scorpion stings you.
* * * LOW HITPOINT WARNING * * *
You feel sick.
You slash the scorpion!
You kill the scorpion!
You hit the ufetubus but do no damage.
You feel sick. The ufetubus closely misses you. You furiously retaliate!
You headbutt the ufetubus!
You kill the ufetubus!
You hit the ogre but do no damage. You headbutt the ogre.
The ogre is lightly wounded.
You feel sick.
The ogre hits you with a +0 giant club!!
You die...

......###.##.##.#
#...##
##....##...#.##.#
######
...........#.##.# #
###.#..#...#.##.# #
#. #.##.#)..#..#.#
# ..###.
#.#......... ....#.
#.#...##.#.#
..#.#.##.##.###.#.#
........†@........#
##...$O##.###.###
#Z#.#s##.#
#.O.).##.#
.........#.##.#
..##.##.....#.# #.
#.###...# .. ...
.#.# #. .#.# ..$#


You could see 2 ogres, a scorpion and a centaur skeleton.

Vanquished Creatures
  Sigmund (D:4)
  Eustachio (D:5)
  A sky beast (D:5)
  2 centaurs (D:4)
  A phantom (D:4)
  A kobold brigand (D:5)
  2 scorpions
  A water moccasin skeleton (D:3)
  2 centaur zombies (D:5)
  4 orc priests
  Jessica (D:2)
  An iguana (D:5)
  4 orc wizards
  Natasha (thrice) (D:2)
  A hound zombie (D:5)
  A hound skeleton (D:4)
  8 adders
  An ufetubus (D:5)
  An adder skeleton (D:4)
  4 worms
  3 dart slugs
  13 orcs
  5 ball pythons
  6 bats
  5 endoplasms
  3 giant cockroaches
  5 hobgoblins
  14 kobolds
  2 quokkas
  2 frilled lizards (D:2)
  10 goblins
  2 rats
111 creatures vanquished.

Notes
Turn   | Place    | Note
-------+----------+-------------------------------------------
     0 | D:1      | Sanktem7 the Minotaur Fighter began the quest for the Orb.
     0 | D:1      | Reached XP level 1. HP: 19/19 MP: 0/0
    61 | D:1      | Found a faded altar of an unknown god.
   186 | D:1      | Reached XP level 2. HP: 27/27 MP: 1/1
  1323 | D:2      | Noticed Natasha
  1324 | D:2      | Noticed Jessica
  1327 | D:2      | Killed Natasha
  1328 | D:2      | Reached skill level 3 in Axes
  1328 | D:2      | Reached XP level 3. HP: 25/34 MP: 2/2
  1339 | D:2      | Killed Jessica
  1340 | D:2      | Reached XP level 4. HP: 9/41 MP: 3/3
  1661 | D:2      | Noticed Natasha
  1672 | D:2      | Killed Natasha
  1673 | D:2      | Reached skill level 4 in Axes
  1673 | D:2      | Noticed Natasha
  1679 | D:2      | Killed Natasha
  1680 | D:2      | Reached XP level 5. HP: 38/47 MP: 4/4
  1825 | D:2      | Found a basalt altar of Yredelemnul.
  2133 | D:3      | Reached skill level 5 in Axes
  2337 | D:3      | Reached skill level 1 in Stealth
  2455 | D:3      | Reached skill level 5 in Fighting
  2518 | D:3      | Reached skill level 5 in Armour
  2518 | D:3      | Reached skill level 1 in Dodging
  2518 | D:3      | Reached XP level 6. HP: 51/56 MP: 5/5
  2799 | D:4      | Noticed Sigmund
  2810 | D:4      | Killed Sigmund
  2898 | D:4      | Reached skill level 6 in Axes
  3124 | D:4      | Reached XP level 7. HP: 28/61 MP: 6/6
  3471 | D:4      | Reached skill level 7 in Axes
  3917 | D:4      | Found a broken altar of Ashenzari.
  3940 | D:4      | Found a glowing silver altar of Zin.
  4036 | D:4      | Found a snail-covered altar of Cheibriados.
  4378 | D:5      | Entered Level 5 of the Dungeon
  4409 | D:5      | Found a shimmering altar of Xom.
  4474 | D:5      | Reached XP level 8. HP: 46/70 MP: 7/7
  4696 | D:5      | Reached skill level 8 in Axes
  4899 | D:5      | Noticed Eustachio
  4935 | D:5      | Killed Eustachio
  5047 | D:5      | Mangled by an ogre

Illustrated notes

Levels and vault maps discovered:
D:1:      dpeg_arrival_water_temple_mockup, layout_loops_corners,
          ebering_ecumenical_altar_rust
D:2:      layout_rooms, basic_altar, uniq_natasha, uniq_jessica
D:3:      layout_basic, grunt_decor_junction
D:4:      layout_basic, mainiacjoe_overflow_big_doors, slow_altar_1,
          minmay_manual_mares, uniq_sigmund
D:5:      layout_loops_ring, mainiacjoe_overflow_six_doors_small,
          minmay_fractal_squares_5, uniq_eustachio

Skill      XL: |  1  2  3  4  5  6  7  8 |
---------------+-------------------------+-----
Fighting       | 4 5 6 |  6.7
Armour         | 4 5 6 |  6.7
Axes           | 3 4 5 6 7 8 |  8.8
Stealth        | 1 2 |  2.8
Dodging        | 1 2 |  2.2
Shields        | |  3.6

Action                   |  1- 3 |  4- 6 |  7- 9 || total
-------------------------+-------+-------+-------++-------
Melee: War axe           |    45 |    87 |   143 ||   275
       Headbutt          |     3 |    10 |    27 ||    40
  Use: Scroll            |       |       |     7 ||     7
Armor: Scale mail        |    30 |    49 |    80 ||   159
Dodge: Dodged            |    26 |    41 |    66 ||   133
Block: Buckler           |    11 |    25 |    28 ||    64
